 Dungeon Crawl Stone Soup version 0.29.1-12-g30fa7ad0bf (webtiles) character file.

Game seed: 5933220954712075607

26783 Zeld the Severer (level 13, -10/178 HPs)
             Began as a Minotaur Berserker on Dec 15, 2022.
             Was an Elder of Trog.
             Mangled by a boulder beetle (13 damage)
             ... on level 11 of the Dungeon.
             The game lasted 00:13:28 (19264 turns).

Zeld the Severer (Minotaur Berserker)              Turns: 19264, Time: 00:13:28

Health: -10/178    AC: 18    Str: 35    XL:     13   Next: 0%
Magic:  12/12      EV: 12    Int:  4    God:    Trog [****..]
Gold:   618        SH:  0    Dex: 10    Spells: 12/12 levels left

rFire   . . .      SeeInvis .   a - +2 battleaxe (flame)
rCold   . . .      Faith    .   (shield currently unavailable)
rNeg    + . .      Spirit   .   b - +0 plate armour
rPois   .          Reflect  .   (helmet restricted)
rElec   .          Harm     .   w - +0 cloak
rCorr   +          Rampage  .   (no gloves)
Will    .....                   r - +0 pair of boots
Stlth   ..........              (no amulet)
HPRegen 0.39/turn               j - ring of protection from fire
MPRegen 0.13/turn               M - ring of Spite {*Slow rF- rN+ rCorr Str+8}

@: berserking (expiring), slowed
A: horns 2, retaliatory headbutt
a: Renounce Religion, Berserk, Trog's Hand, Brothers in Arms


You were on level 11 of the Dungeon.
You worshipped Trog.
Trog was greatly pleased with you.
You visited 2 branches of the dungeon, and saw 12 of its levels.
You also visited: Ossuary and Ice Cave.

You collected 1001 gold pieces.
You spent 383 gold pieces at shops.

Inventory:

Hand Weapons
 a - a +2 battleaxe of flaming (weapon)
 t - a +7 antimagic executioner's axe
Armour
 b - a +0 plate armour (worn)
 r - a +0 pair of boots (worn)
 w - a +0 cloak (worn)
Jewellery
 j - a ring of protection from fire (left hand)
 M - the ring of Spite (right hand) {*Slow rF- rN+ rCorr Str+8}
   (You found it on level 10 of the Dungeon)

   [ring of positive energy]

   Str:       It affects your strength (+8).
   rF:        It makes you vulnerable to fire.
   rN:        It protects you from negative energy.
   rCorr:     It protects you from acid and corrosion.
   *Slow:     It may slow you when you take damage.
Wands
 o - a wand of polymorph (5)
 C - a wand of flame (30)
 D - a wand of digging (6)
 E - a wand of iceblast (14)
 G - a wand of charming (27)
Scrolls
 d - a scroll of magic mapping
 e - 4 scrolls of teleportation
 f - 2 scrolls of fear
 i - 3 scrolls of silence
 m - 3 scrolls of blinking
 y - 3 scrolls of summoning
 K - a scroll of acquirement {unknown}
Potions
 c - 10 potions of curing
 g - 5 potions of magic {unknown}
 h - 3 potions of might {unknown}
 k - a potion of flight {unknown}
 l - 3 potions of brilliance {unknown}
 n - a potion of heal wounds {unknown}
 p - 6 potions of resistance
 q - 3 potions of lignification {unknown}
 s - 4 potions of berserk rage {unknown}
 x - 3 potions of haste {unknown}
 z - a potion of mutation {unknown}
 A - 3 potions of invisibility {unknown}
 B - 4 potions of degeneration {unknown}
Miscellaneous
 u - a lightning rod (4/4)
 v - a box of beasts


   Skills:
 + Level 12.4 Fighting
 * Level 16.8 Axes
 + Level 12.1 Armour
 + Level 11.2 Dodging


You had 12 spell levels left.
You didn't know any spells.
Your spell library was empty.

Dungeon Overview and Level Annotations

Branches:
Dungeon (11/15)            Temple (1/1) D:4            Lair (0/5) D:11
    Orc (0/2) D:9         Ossuary (visited)           IceCv (visited)

Altars:
Ashenzari
Cheibriados
Dithmenos
Elyvilon
Fedhas
Gozag
Hepliaklqana
Kikubaaqudgha
Makhleb
Nemelex Xobeh
Okawaru
Qazlal
Ru
Sif Muna
Trog
Uskayaw
Vehumet
Wu Jian
Xom
Yredelemnul
Zin
The Shining One

Shops:
D:7 *   D:8 *

Annotations:
D:3 2 transporters


Innate Abilities, Weirdness & Mutations

You have a pair of horns on your head.
You reflexively headbutt those who attack you in melee.


Message History

The skeletal warrior completely misses you.
The boulder beetle bites you but does no damage.
The centaur warrior hits you!
* * * LOW HITPOINT WARNING * * *
The centaur warrior kicks you.
* * * LOW HITPOINT WARNING * * *
Unknown command.
Unknown command.
You chop the centaur warrior into pieces!!!
You burn the centaur warrior.
You kill the centaur warrior!
Trog accepts your kill.
You closely miss the skeletal warrior. You slash the boulder beetle!
You burn the boulder beetle.
The skeletal warrior hits you with a +2 dire flail of protection!
* * * LOW HITPOINT WARNING * * *
The boulder beetle closely misses you.
You have reached level 13!
Unknown command.
Unknown command.
You hit the skeletal warrior. You burn the skeletal warrior.
The skeletal warrior is heavily damaged.
You slice the boulder beetle!! You burn the boulder beetle.
Unknown command.
Unknown command.
Unknown command.
You barely miss the skeletal warrior.
The skeletal warrior is heavily damaged.
You hit the boulder beetle but do no damage.
The skeletal warrior hits you with a +2 dire flail of protection.
* * * LOW HITPOINT WARNING * * *
The boulder beetle bites you but does no damage.
Unknown command.
Unknown command.
You completely miss the skeletal warrior.
The skeletal warrior is heavily damaged.
You hit the boulder beetle but do no damage.
The skeletal warrior hits you but does no damage.
The boulder beetle bites you!
You die...

#####..########..##..#(.#..#..##.
..............##..#..##...##..#..
..............##..##..#...#..##..
...........######..#..##.##..#..#
...........####|#..##..#}#..##..#
..............#.##..#..###..#..##
..>..........?#..#..##..#..##..#.
.########.....#Bz##..#..#..#..##.
..............#)@....##...##.....
..............#########...#######
.########..#### *........,,,, .#
#..# #..........,, .# #..#
#..[........, .# #..#
#..........., ## ####
############*


You could see a boulder beetle and a skeletal warrior.

Vanquished Creatures
  A frost giant (IceCv)
  A fire dragon (D:10)
  4 boulder beetles (D:11)
  A centaur warrior (D:11)
  Erica (D:10)
  3 two-headed ogres
  4 death yaks (IceCv)
  A deep elf pyromancer (D:10)
  3 ugly things
  2 cyclopes
  An ice statue (IceCv)
  An unseen horror (D:11)
  A komodo dragon (D:10)
  7 rime drakes (IceCv)
  2 ice devils (D:11)
  A troll (D:10)
  A tengu conjurer (D:10)
  4 polar bears (IceCv)
  A hornet (shapeshifter) (D:10)
  A hornet (D:9)
  Grinder (D:3)
  A slime creature (D:11)
  Sigmund (D:5)
  A shadow (D:11)
  3 wyverns
  21 yaks
  2 wraiths (D:10)
  A basilisk (shapeshifter) (D:11)
  A steam dragon (D:8)
  A vampire mosquito (D:10)
  A water moccasin (D:7)
  A black bear (D:5)
  2 orc warriors
  3 ice beasts
  8 wolves (IceCv)
  7 centaurs
  2 elf zombies (Ossuary)
  Blork the orc (D:5)
  2 kobold brigands
  3 bullfrogs
  A necrophage (D:5)
  5 scorpions
  3 gnoll sergeants (D:10)
  18 wights
  A jelly (D:8)
  6 killer bees (D:8)
  3 howler monkeys (D:10)
  3 lava snakes (D:7)
  A hound (D:5)
  6 orc priests
  A centaur zombie (Ossuary)
  4 human zombies (Ossuary)
  Crazy Yiuf (D:4)
  A gnoll bouda (D:6)
  3 iguanas
  16 orc wizards
  A hound zombie (Ossuary)
  3 mummies (Ossuary)
  13 gnolls
  6 adders
  2 white imps (D:8)
  2 ufetubi
  4 adder zombies (Ossuary)
  3 dart slugs
  43 orcs
  3 bats
  7 endoplasms
  6 giant cockroaches
  2 gnoll zombies (Ossuary)
  8 goblins
  7 hobgoblins
  8 jackals
  4 quokkas
  7 ball pythons
  2 frilled lizards
  3 goblin zombies
  A hobgoblin zombie (Ossuary)
  3 jackal zombies (Ossuary)
  15 kobolds
  7 kobold zombies (Ossuary)
  2 orc zombies (Ossuary)
  3 quokka zombies (Ossuary)
  5 rats
  4 rat zombies
351 creatures vanquished.

Notes
Turn   | Place    | Note
-------+----------+-------------------------------------------
     0 | D:1      | Zeld the Minotaur Berserker began the quest for the Orb.
     0 | D:1      | Reached XP level 1. HP: 19/19 MP: 0/0
   273 | D:1      | Reached XP level 2. HP: 27/27 MP: 1/1
   316 | D:1      | Reached skill level 4 in Axes
   569 | D:1      | Found a faded altar of an unknown god.
   993 | D:2      | Reached XP level 3. HP: 29/33 MP: 2/2
  1195 | D:2      | Reached ** piety under Trog
  1959 | D:3      | Found an ancient bone altar of Kikubaaqudgha.
  1959 | D:3      | Found an opulent altar of Gozag.
  1961 | D:3      | Noticed a kobold brigand
  1961 | D:3      | Noticed a sky beast
  1963 | D:3      | Found a transporter.
  1965 | D:3      | Noticed a phantom
  2088 | D:3      | Noticed Grinder
  2095 | D:3      | Killed Grinder
  2096 | D:3      | Reached skill level 5 in Axes
  2096 | D:3      | Reached XP level 4. HP: 41/41 MP: 3/3
  2096 | D:3      | Reached XP level 5. HP: 47/47 MP: 4/4
  2332 | D:3      | Reached XP level 6. HP: 27/55 MP: 5/5
  2836 | D:3      | Found a transporter.
  3299 | D:4      | Reached skill level 6 in Axes
  3307 | D:4      | Reached skill level 5 in Fighting
  4037 | D:4      | Found a staircase to the Ecumenical Temple.
  4041 | D:4      | Reached XP level 7. HP: 48/61 MP: 6/6
  4046 | Temple   | Entered the Ecumenical Temple
  4522 | D:4      | Reached *** piety under Trog
  4643 | D:4      | Found a runed translucent door.
  4644 | D:4      | Noticed Crazy Yiuf
  4825 | D:4      | Killed Crazy Yiuf
  5008 | D:5      | Entered Level 5 of the Dungeon
  5040 | D:5      | Reached skill level 7 in Axes
  5336 | D:5      | Reached skill level 5 in Armour
  5407 | D:5      | Noticed Blork the orc
  5415 | D:5      | Killed Blork the orc
  5703 | D:5      | Reached skill level 5 in Dodging
  5703 | D:5      | Reached XP level 8. HP: 54/70 MP: 7/7
  5788 | D:5      | Reached skill level 8 in Axes
  6154 | D:5      | Noticed Sigmund
  6165 | D:5      | Killed Sigmund
  6623 | D:6      | Reached skill level 9 in Axes
  7434 | D:7      | Found Qibafrenorgh's General Store.
  7437 | D:7      | Bought a scroll of summoning for 114 gold pieces
  7437 | D:7      | Bought a scroll of identify for 24 gold pieces
  7437 | D:7      | Bought a wand of flame (16) for 134 gold pieces
  7437 | D:7      | Bought a scroll of identify for 24 gold pieces
  7644 | D:7      | Found a sand-covered staircase.
  7652 | Ossuary  | Entered an ossuary
  7738 | Ossuary  | Reached **** piety under Trog
  7841 | Ossuary  | Reached XP level 9. HP: 79/79 MP: 8/8
  8183 | D:7      | Reached skill level 10 in Axes
  9114 | D:8      | Reached ***** piety under Trog
  9350 | D:8      | Reached skill level 11 in Axes
  9474 | D:8      | Found Ruihacyis's Assorted Antiques.
  9482 | D:8      | Bought a scroll labelled QIGHAQUAKK for 30 gold pieces
  9482 | D:8      | Bought a scroll labelled INOMUTOESI for 30 gold pieces
  9482 | D:8      | Bought a grey potion for 27 gold pieces
  9696 | D:8      | Received a gift from Trog
  9776 | D:8      | Reached XP level 10. HP: 14/90 MP: 9/9
 10708 | D:9      | Found a staircase to the Orcish Mines.
 10710 | D:9      | Paralysed by a hornet for 2 turns
 11143 | D:9      | Reached skill level 12 in Axes
 12011 | D:10     | Entered Level 10 of the Dungeon
 12449 | D:10     | Noticed a two-headed ogre
 12451 | D:10     | Noticed a purple ugly thing
 12477 | D:10     | Killed a purple ugly thing
 12478 | D:10     | Reached skill level 13 in Axes
 13124 | D:10     | Noticed Erica
 13143 | D:10     | HP: 3/92 [Erica/bolt of poison (5)]
 13153 | D:10     | Killed Erica
 13154 | D:10     | Reached XP level 11. HP: 22/99 MP: 10/10
 13707 | D:10     | Reached skill level 10 in Fighting
 13715 | D:10     | Killed a two-headed ogre
 13781 | D:10     | Noticed a two-headed ogre
 13792 | D:10     | Killed a two-headed ogre
 13792 | D:10     | Received a gift from Trog
 13947 | D:10     | Noticed a deep elf pyromancer
 13954 | D:10     | Killed a deep elf pyromancer
 13955 | D:10     | Reached skill level 14 in Axes
 13955 | D:10     | Reached skill level 10 in Armour
 13955 | D:10     | Noticed a purple ugly thing
 13975 | D:10     | Identified the ring "Cuonem" {rC+ Will+ Int-2 Dex+2}
 13976 | D:10     | Killed a purple ugly thing
 14015 | D:10     | Paralysed by a hornet for 2 turns
 14024 | D:10     | Identified the ring "Cidiy" {Wiz Int+2}
 14024 | D:10     | Identified the ring of Spite {*Slow rF- rN+ rCorr Str+8}
 14499 | D:10     | Noticed a fire dragon
 14509 | D:10     | Killed a fire dragon
 14769 | D:11     | Noticed a boulder beetle
 14780 | D:11     | Killed a boulder beetle
 15020 | D:11     | Found a frozen archway.
 15072 | IceCv    | Entered an ice cave
 15347 | IceCv    | Reached skill level 15 in Axes
 15347 | IceCv    | Reached skill level 10 in Dodging
 15355 | IceCv    | Reached XP level 12. HP: 71/110 MP: 11/11
 16446 | IceCv    | Noticed a death yak
 16455 | IceCv    | Killed a death yak
 16824 | IceCv    | Noticed a death yak
 16824 | IceCv    | Noticed a death yak
 16853 | IceCv    | Killed a death yak
 17159 | IceCv    | Noticed a death yak
 17166 | IceCv    | Killed a death yak
 17167 | IceCv    | Reached skill level 16 in Axes
 17171 | IceCv    | Killed a death yak
 17280 | IceCv    | Noticed a frost giant
 17293 | IceCv    | Killed a frost giant
 18019 | D:11     | Noticed a two-headed ogre
 18026 | D:11     | Killed a two-headed ogre
 18142 | D:11     | Found a staircase to the Lair.
 18213 | D:11     | Noticed a boulder beetle
 18239 | D:11     | Killed a boulder beetle
 18392 | D:11     | Noticed a boulder beetle
 18392 | D:11     | Noticed a boulder beetle
 18401 | D:11     | Killed a boulder beetle
 18402 | D:11     | Killed a boulder beetle
 19252 | D:11     | Noticed a boulder beetle
 19253 | D:11     | Noticed a centaur warrior
 19261 | D:11     | Killed a centaur warrior
 19261 | D:11     | HP: 3/169 [skeletal warrior/+2 dire flail of protection
                  | (14)]
 19262 | D:11     | Reached XP level 13. HP: 3/119 MP: 12/12
 19264 | D:11     | Mangled by a boulder beetle

Illustrated notes

Levels and vault maps discovered:
D:1:      dpeg_arrival_boxorama, layout_basic, basic_ecumenical_altar,
          serial_park_tiny_pond
D:2:      layout_loops_ring, kennysheep_generic_room_13
D:3:      layout_loops_corners, gammafunk_temple_overflow_arena,
          skrybe_limestone_x, hangedman_glass_teeth, uniq_grinder
D:4:      layout_loops_ring, minmay_temple_entry_enclosed_plants,
          uniq_crazy_yiuf_cottage
D:5:      layout_basic, uniq_blork_the_orc, uniq_sigmund
D:6:      layout_basic
D:7:      layout_loops_cross, serial_shops, kennysheep_mini, enter_ossuary_4,
          kennysheep_boxes
D:8:      layout_gridville, serial_shops, shop, minmay_diced_spiral
D:9:      layout_rooms, orc_0_dummy
D:10:     minmay_the_grid_4x2 [minmay_the_grid_dragon_a,
          minmay_the_grid_odd_star, minmay_the_grid_medium_cups,
          minmay_the_grid_mess, minmay_the_grid_spikes,
          minmay_the_grid_holed_spiral, minmay_the_grid_outer_circle,
          minmay_the_grid_prize_shrinking_boxes], layout_basic, uniq_erica
D:11:     minmay_tri_box, layout_long_grid, portal_ice_cave_demonic_guard
Temple:   nicolae_temple_bog_church

Skill      XL: |  1  2  3  4  5  6  7  8  9 10 11 12 |
---------------+-------------------------------------+-----
Axes           | 4 5 6 7 9 11 13 15 16 | 16.8
Fighting       | 4 5 6 7 8 9 11 12 | 12.4
Armour         | 3 4 5 6 8 9 10 12 | 12.1
Dodging        | 3 4 5 6 7 8 10 11 | 11.2

Action                   |  1- 3 |  4- 6 |  7- 9 | 10-12 | 13-15 || total
-------------------------+-------+-------+-------+-------+-------++-------
Melee: Hand axe          |    85 |    79 |    73 |       |       ||   237
       Headbutt          |    15 |    15 |    66 |    90 |       ||   186
       Punch             |       |       |     4 |     2 |       ||     6
       War axe           |       |       |   277 |   182 |       ||   459
       Battleaxe         |       |       |       |   220 |     3 ||   223
Invok: Berserk           |     1 |     1 |     4 |     9 |       ||    15
       Trog's Hand       |       |       |     1 |     1 |       ||     2
       Brothers in Arms  |       |       |       |     1 |       ||     1
  Use: Scroll            |       |       |     8 |     8 |       ||    16
       Potion            |       |       |       |     1 |       ||     1
Armor: Animal skin       |    18 |    14 |     8 |       |       ||    40
       Plate armour      |       |       |   144 |   255 |     2 ||   401
Dodge: Dodged            |    51 |    64 |   181 |   208 |       ||   504
